 Dungeon Crawl Stone Soup version 0.25.1-8-g42b30a86e7 (webtiles) character file.

Game seed: 5650457815906819331

17133 Kauriferous the Thrower (level 12, -4/113 HPs)
             Began as a Troll Hunter on Dec 8, 2020.
             Was a High Priest of Trog.
             Slain by a spiny frog (13 damage)
             ... on level 1 of the Lair of Beasts on Dec 9, 2020.
             The game lasted 02:30:01 (13903 turns).

Kauriferous the Thrower (Troll Hunter)             Turns: 13903, Time: 02:30:01

Health: -4/113     AC:  8    Str: 27    XL:     12   Next: 16%
Magic:  11/11      EV: 11    Int: 13    God:    Trog [*****.]
Gold:   652        SH:  0    Dex: 10    Spells: 11/11 levels left

rFire    x . .     SeeInvis .   D - +8 whip "Snakebite" {curare, rPois}
rCold    + . .     Gourm    +   (no shield)
rNeg     . . .     Faith    +   d - +2 robe {MR+}
rPois    +         Spirit   .   (helmet restricted)
rElec    .         Reflect  .   (no cloak)
rCorr    .         Harm     .   (gloves unavailable)
MR       +++..                  (boots unavailable)
Stlth    ++........             S - amulet of faith
HPRegen  1.68/turn              t - ring of ice
MPRegen  0.12/turn              j - +6 ring of intelligence

@: lethally poisoned (-4 -> -4), regenerating, hasted, drained, very quick
A: large, unfitting armour, claws 3, fast metabolism 3, gourmand, regeneration
1, shaggy fur 1, tough skin 3
a: Berserk, Trog's Hand, Brothers in Arms, Renounce Religion


You were on level 1 of the Lair of Beasts.
You worshipped Trog.
Trog was extremely pleased with you.
You were full.

You visited 3 branches of the dungeon, and saw 13 of its levels.

You collected 732 gold pieces.
You spent 80 gold pieces at shops.

Inventory:

Hand Weapons
 c - a +5 spear
 e - a +1 hand axe of freezing
 l - a +3 mace of protection
 v - a +0 trident of venom
 B - a +1 mace of holy wrath
 C - a +2 whip of electrocution
 D - the +8 whip "Snakebite" (weapon) {curare, rPois}
   (You found it on level 7 of the Dungeon)

   It poisons the flesh of those it strikes.
   It protects you from poison.
 F - a +4 quarterstaff of chaos
 H - a +2 flail of protection
 I - a +2 vorpal war axe
 J - a +0 giant spiked club of flaming
 K - a +1 vorpal mace
Missiles
 k - 3 silver boomerangs
 r - 18 poisoned darts
 y - 19 boomerangs (quivered)
 z - 6 throwing nets
 E - 6 curare-tipped darts
Armour
 b - a +1 robe
 d - a +2 robe of magic resistance (worn)
 x - a +0 tower shield
 A - a +0 robe of positive energy
Jewellery
 j - a +6 ring of intelligence (right claw)
 t - a ring of ice (left claw)
 G - an uncursed ring of ice
 S - an amulet of faith (around neck)
Wands
 h - a wand of clouds (1)
 n - a wand of acid (8)
 o - a wand of flame (16)
 L - a wand of iceblast (8)
 O - a wand of polymorph (4)
Scrolls
 g - 12 scrolls of remove curse
 i - 7 scrolls of identify
 m - a scroll of teleportation
 Q - a scroll of noise
Potions
 q - 5 potions of curing
 s - a potion of brilliance
 M - a potion of lignification {unknown}
 N - 4 potions of flight
 P - 6 potions of stabbing
 R - a potion of cancellation {unknown}
Comestibles
 f - 25 rations


   Skills:
 + Level 5.7(5.0) Fighting
   Level 1.0(0.4) Short Blades
 + Level 9.7(8.9) Maces & Flails
 + Level 12.9(12.1) Throwing
 + Level 5.3(4.6) Dodging
 + Level 2.0(1.4) Stealth
 + Level 0.2(0.0) Unarmed Combat
 + Level 1.1(0.4) Evocations


You had 11 spell levels left.
You didn't know any spells.
Your spell library was empty.

Dungeon Overview and Level Annotations

Branches:
Dungeon (11/15)            Temple (1/1) D:4            Lair (1/6) D:9
    Orc: D:9-12

Altars:
Ashenzari
Cheibriados
Dithmenos
Elyvilon
Fedhas
Gozag
Hepliaklqana
Kikubaaqudgha
Makhleb
Nemelex Xobeh
Okawaru
Qazlal
Ru
Sif Muna
Trog
Uskayaw
Vehumet
Wu Jian
Xom
Yredelemnul
Zin
The Shining One
Beogh

Shops:
D:4 *   D:5 *   D:10 }

Annotations:
D:4 !Ogre
D:11 2 transporters, Irchyla's ghost, novice MiBe
Lair:1 Sonja


Innate Abilities, Weirdness & Mutations

You are too large for most types of armour.
You have claws for hands.
Your metabolism is lightning-fast.
You like to eat raw meat.
Your natural rate of healing is unusually fast.
You are covered in fur. (AC +1)
You have extremely tough skin. (AC +3)


Message History

Unknown command.
Your surroundings suddenly seem different.
You feel sick.
You are no longer poisoned.
The spiny frog croaks.
The yak bellows!
The spiny frog croaks.
A blink frog comes into view.
The spiny frog closely misses you.
Press: ? - help, v - describe, . - travel
Here: a spiny frog The floor.
You feel better.
You hear a shout!
The spiny frog stings you!
* * * LOW HITPOINT WARNING * * *
The spiny frog stings you!!
* * * LOW HITPOINT WARNING * * *
You are poisoned.
The spiny frog poisons you!
You feel yourself speed up.
You feel sick. The spiny frog stings you!
You die...

.....######.#.#..YP
............#..$..#
......F.....#.#...#
............#.#.Y.#
.O..........#.#...##
.F....§.......#(..P#
Y...........###...####
Y§...........##.Y..#.#
#.##F...........@F...#
#.###...........FF...#
.§..§................#
...F.Y................#
........F...............
.........................
#####.....................
#................####.
#..............


You could see 2 yaks, 2 spiny frogs and a blink frog.

Vanquished Creatures
  Harold (D:11)
  Erica (D:11)
  3 two-headed ogres
  An unseen horror (D:10)
  3 ugly things
  Maurice (D:9)
  A gargoyle (D:10)
  Maggie (D:9)
  A komodo dragon (Lair:1)
  A merfolk (D:9)
  A troll (D:8)
  A hornet (D:7)
  4 blink frogs (Lair:1)
  Prince Ribbit (D:9)
  Sigmund (D:2)
  A wyvern (D:8)
  A wraith (D:11)
  6 yaks (Lair:1)
  2 basilisks (Lair:1)
  A water moccasin (D:7)
  A porcupine (Lair:1)
  9 ice beasts
  2 sky beasts
  2 eyes of draining (D:6)
  10 orc warriors
  2 black bears
  A necrophage (D:7)
  A hornet zombie (D:10)
  2 phantoms
  6 ogres
  10 centaurs
  Blork the orc (D:5)
  2 big kobolds
  2 bullfrogs
  2 scorpions
  6 killer bees (D:11)
  4 wights (D:7)
  2 howler monkeys
  A centaur zombie (D:10)
  A wyvern simulacrum (D:10)
  2 bullfrog zombies
  2 jellies
  11 crimson imps
  Crazy Yiuf (D:7)
  3 hounds
  14 orc priests
  2 bullfrog skeletons
  5 centaur skeletons
  3 iguanas
  13 orc wizards
  6 worker ants
  4 hound skeletons
  A howler monkey zombie (D:10)
  A worker ant zombie (D:10)
  11 adders
  A gnoll (D:1)
  4 shadow imps
  3 adder skeletons
  4 worms
  3 leopard geckos
  61 orcs
  4 ball pythons
  3 bats
  A giant cockroach (D:7)
  7 goblins
  16 hobgoblins
  17 jackals
  3 quokkas
  4 frilled lizards
  15 kobolds
  A leopard gecko skeleton (D:8)
  A leopard gecko zombie (D:8)
  4 rats
331 creatures vanquished.

Notes
Turn   | Place    | Note
-------+----------+-------------------------------------------
     0 | D:1      | Kauriferous the Troll Hunter began the quest for the Orb.
     0 | D:1      | Reached XP level 1. HP: 19/19 MP: 0/0
    89 | D:1      | Reached XP level 2. HP: 27/27 MP: 1/1
   136 | D:1      | Reached skill level 4 in Throwing
   457 | D:1      | Reached XP level 3. HP: 35/35 MP: 2/2
   921 | D:2      | Noticed Sigmund
  1161 | D:3      | Found a faded altar of an unknown god.
  1172 | D:3      | Reached skill level 1 in Short Blades
  1172 | D:3      | Reached XP level 4. HP: 41/42 MP: 3/3
  1221 | D:3      | Found a radiant altar of Vehumet.
  1227 | D:3      | Reached skill level 1 in Maces & Flails
  1244 | D:3      | Found a burning altar of Makhleb.
  1576 | D:3      | Found a shadowy altar of Dithmenos.
  2119 | D:4      | Found Jakkulop's General Store.
  2128 | D:4      | Noticed an ogre
  2332 | D:4      | Reached XP level 5. HP: 49/49 MP: 4/4
  2595 | D:4      | Found a staircase to the Ecumenical Temple.
  2605 | Temple   | Entered the Ecumenical Temple
  3183 | D:5      | Entered Level 5 of the Dungeon
  3210 | D:5      | Noticed a centaur
  3223 | D:5      | Killed a centaur
  3223 | D:5      | Reached skill level 5 in Throwing
  3223 | D:5      | Reached XP level 6. HP: 45/57 MP: 5/5
  3323 | D:5      | Reached skill level 1 in Stealth
  3524 | D:5      | Found Ubleur's Mass Market.
  3532 | D:5      | Bought a +0 giant club for 22 gold pieces
  3532 | D:5      | Bought a +0 tower shield for 58 gold pieces
  3662 | D:5      | Reached XP level 7. HP: 66/66 MP: 6/6
  3977 | D:5      | Noticed Blork the orc
  3983 | D:5      | Killed Blork the orc
  3983 | D:5      | Reached skill level 6 in Throwing
  4698 | D:2      | Found an opulent altar of Gozag.
  4904 | D:2      | Killed Sigmund
  5072 | D:6      | Reached XP level 8. HP: 52/74 MP: 7/7
  5382 | D:6      | Found an iron altar of Okawaru.
  5775 | D:6      | Reached skill level 5 in Maces & Flails
  5775 | D:6      | Reached skill level 7 in Throwing
  5796 | D:6      | Found a bloodstained altar of Trog.
  5830 | D:6      | Became a worshipper of Trog the Wrathful
  6200 | D:7      | Noticed a hornet
  6212 | D:7      | Found the +8 whip "Snakebite" {curare, rPois}
  6281 | D:7      | Found a runed translucent door.
  6282 | D:7      | Noticed Crazy Yiuf
  6287 | D:7      | Killed Crazy Yiuf
  6581 | D:7      | Reached XP level 9. HP: 80/83 MP: 8/8
  7004 | D:7      | Reached skill level 8 in Throwing
  7011 | D:7      | Noticed a green ugly thing
  7023 | D:7      | Reached * piety under Trog
  7056 | D:6      | Killed a green ugly thing
  7409 | D:7      | Found a glowing golden altar of the Shining One.
  7765 | D:8      | Reached skill level 9 in Throwing
  8103 | D:8      | Found a transporter.
  8105 | D:8      | Noticed a troll
  8111 | D:8      | Found a roughly hewn altar of Beogh.
  8111 | D:8      | Found a transporter.
  8200 | D:8      | Reached XP level 10. HP: 79/92 MP: 9/9
  8297 | D:8      | Reached ** piety under Trog
  8431 | D:8      | Noticed a two-headed ogre
  8453 | D:8      | Found a white marble altar of Elyvilon.
  8455 | D:8      | Found an ancient bone altar of Kikubaaqudgha.
  8526 | D:8      | Killed a two-headed ogre
  8587 | D:8      | Found a sparkling altar of Nemelex Xobeh.
  8865 | D:8      | Reached skill level 10 in Throwing
  9148 | D:9      | Noticed a two-headed ogre
  9188 | D:9      | Noticed Maggie
  9217 | D:9      | Found a staircase to the Lair.
  9303 | D:9      | Noticed Prince Ribbit
  9321 | D:9      | Killed Prince Ribbit
  9419 | D:9      | Killed Maggie
  9573 | D:9      | Noticed Maurice
  9904 | D:9      | Found a roughly hewn altar of Beogh.
 10078 | D:9      | Reached *** piety under Trog
 10353 | D:9      | Killed Maurice
 10353 | D:9      | Reached skill level 11 in Throwing
 10392 | D:10     | Entered Level 10 of the Dungeon
 10392 | D:10     | Noticed a gargoyle
 10469 | D:10     | Found Otziguafepp's Gadget Shop.
 11295 | D:10     | Reached XP level 11. HP: 91/101 MP: 10/10
 11801 | D:10     | Reached **** piety under Trog
 11892 | D:10     | Killed an unseen horror
 12030 | D:11     | Got a brightly glowing helmet
 12113 | D:11     | Found a transporter.
 12122 | D:11     | Noticed Irchyla's ghost (novice MiBe)
 12232 | D:11     | Reached skill level 5 in Fighting
 12312 | D:11     | Noticed a two-headed ogre
 12345 | D:11     | Killed a two-headed ogre
 12424 | D:11     | Noticed Harold
 12440 | D:11     | Killed Harold
 12440 | D:11     | Reached skill level 12 in Throwing
 12440 | D:11     | Reached skill level 1 in Evocations
 12466 | D:11     | Killed a two-headed ogre
 12468 | D:11     | Noticed a cyan ugly thing
 12476 | D:11     | Killed a cyan ugly thing
 12527 | D:11     | Noticed Erica
 12562 | D:11     | Noticed a red ugly thing
 12577 | D:11     | Killed a red ugly thing
 12665 | D:11     | Killed Erica
 12665 | D:11     | Reached skill level 5 in Dodging
 12750 | D:11     | Found a transporter.
 13049 | D:8      | Reached ***** piety under Trog
 13184 | Lair:1   | Entered Level 1 of the Lair of Beasts
 13290 | Lair:1   | Reached XP level 12. HP: 44/111 MP: 11/11
 13655 | Lair:1   | Noticed Sonja
 13882 | Lair:1   | HP: 5/113 [blink frog (5)]
 13898 | Lair:1   | HP: 1/113 [blink frog (11)]
 13903 | Lair:1   | Slain by a spiny frog

Illustrated notes

Levels and vault maps discovered:
D:1:      tarquinn_simple_flora_water_b, layout_loops_ring,
          minmay_stone_trees_small
D:2:      minmay_kobold_bridge, layout_rooms, marbit_many_paths,
          solitary_fountain, uniq_sigmund
D:3:      layout_basic, grunt_temple_overflow_lords_of_destruction,
          overflow_temple_1_default, chequers_ecumenical_altar_simple_redux,
          first_ration
D:4:      minmay_chambers_of_fours, layout_gridville,
          minmay_temple_entry_arrows, serial_shops, nicolae_shop_crystal,
          patterned_corridor
D:5:      corexii_shack_village, layout_layer_cave, minmay_shop_mass,
          uniq_blork_the_orc
D:6:      layout_loops_corners, trog_eyes_of_draining, okawaru_metal_pillars_1_2
D:7:      layout_loops_ring, nicolae_tso_swordbearing_angel,
          uniq_crazy_yiuf_cottage
D:8:      gammafunk_beogh_shrine, layout_gridville,
          grunt_temple_overflow_diamond
D:9:      layout_roguey, lair_entry_dummy, special_room [special_room_orc],
          hangedman_fish_farm, uniq_maurice, uniq_prince_ribbit1, uniq_maggie
D:10:     layout_loops_corners, serial_shops, shop, hangedman_weighted_door
D:11:     layout_loops_ring, gammafunk_ghost_mausoleum, uniq_erica, uniq_harold
Temple:   dshaligram_water_room_temple
Lair:1:   layout_gridlike, portal_ice_cave_entry_ice_beasts, uniq_sonja

Skill      XL: |  1  2  3  4  5  6  7  8  9 10 11 |
---------------+----------------------------------+-----
Throwing       | 4 5 6 7 9 11 12 | 12.9
Dodging        | 2 3 4 5 |  5.3
Short Blades   | 1 |  1.0
Maces & Flails | 1 2 3 4 6 7 8 9 |  9.7
Fighting       | 2 3 4 5 |  5.7
Stealth        | 1 2 |  2.0
Evocations     | 1 |  1.1
Unarmed Combat | |  0.2

Action                   |  1- 3 |  4- 6 |  7- 9 | 10-12 || total
-------------------------+-------+-------+-------+-------++-------
Melee: Short sword       |    23 |       |       |       ||    23
       Club              |    31 |       |       |       ||    31
       Mace              |    37 |    69 |       |       ||   106
       Giant club        |       |       |   134 |       ||   134
       Whip              |       |       |   167 |   368 ||   535
       Unarmed           |       |       |       |    15 ||    15
       Giant spiked club |       |       |       |    22 ||    22
Throw: Large rock        |    33 |    46 |    52 |    27 ||   158
       Throwing net      |     1 |     1 |     1 |       ||     3
       Dart              |       |    13 |   181 |   248 ||   442
       Boomerang         |       |       |       |    81 ||    81
Invok: Berserk           |       |       |       |     1 ||     1
       Trog's Hand       |       |       |       |     1 ||     1
       Brothers in Arms  |       |       |       |     1 ||     1
Evoke: Wand              |       |       |     5 |     4 ||     9
  Use: Scroll            |     4 |     3 |     5 |    12 ||    24
       Potion            |     1 |     5 |     4 |     7 ||    17
  Eat: Chunk             |    17 |    19 |    42 |    49 ||   127
       Ration            |       |     1 |       |       ||     1
Armor: Robe              |    51 |    35 |   105 |   103 ||   294
Dodge: Dodged            |    71 |    49 |   141 |   152 ||   413
